 Dungeon Crawl Stone Soup version 0.29-a0-370-gb5314be063 (webtiles) character file.

Game seed: 743666160761169167

583 Artihs the Skirmisher (level 7, 0/55 HPs)
             Began as a Human Fighter on May 2, 2022.
             Slain by Duvessa
             ... wielding a +0 short sword
              (3 damage)
             ... on level 5 of the Dungeon.
             The game lasted 00:20:22 (4827 turns).

Artihs the Skirmisher (Human Fighter)               Turns: 4827, Time: 00:20:22

Health: 0/55       AC: 15    Str: 19    XL:     7   Next: 64%
Magic:  7/7        EV: 11    Int:  8    God:
Gold:   506        SH:  5    Dex: 12    Spells: 6/6 levels left

rFire   . . .      SeeInvis .   F - +0 mace
rCold   . . .      Faith    .   c - +0 buckler
rNeg    . . .      Spirit   .   j - +0 chain mail
rPois   .          Reflect  .   m - +0 hat
rElec   .          Harm     .   (no cloak)
rCorr   .          Rampage  .   v - +1 pair of gloves
Will    .....                   (no boots)
Stlth   ..........              (no amulet)
HPRegen 0.18/turn               t - +4 ring of evasion
MPRegen 0.10/turn               f - +4 ring of protection

@: flying
A: no striking features
a: no special abilities


You were on level 5 of the Dungeon.
You visited 1 branch of the dungeon, and saw 5 of its levels.

You collected 506 gold pieces.

Inventory:

Hand Weapons
 a - a +0 flail
 F - a +0 mace (weapon)
Missiles
 E - a poisoned dart (quivered)
Armour
 b - a +0 scale mail
 c - a +0 buckler (worn)
 j - a +0 chain mail (worn)
 m - a +0 hat (worn)
 v - a +1 pair of gloves (worn)
Jewellery
 f - a +4 ring of protection (right hand)
 t - a +4 ring of evasion (left hand)
 C - a ring of magical power
 D - a ring of resist corrosion
 G - a ring of see invisible
 I - a +4 ring of protection
Wands
 x - a wand of polymorph (3)
Scrolls
 h - a scroll of fog {unknown}
 k - 3 scrolls of noise
 l - 3 scrolls of magic mapping
 o - 2 scrolls of torment {unknown}
 p - a scroll of enchant armour {unknown}
 r - a scroll of blinking {unknown}
 s - 3 scrolls of teleportation
 u - a scroll of acquirement {unknown}
 w - a scroll of immolation {unknown}
 y - a scroll of holy word {unknown}
 A - a scroll of enchant weapon {unknown}
 H - a scroll of vulnerability {unknown}
Potions
 d - a potion of heal wounds {unknown}
 g - a potion of attraction {unknown}
 i - a potion of degeneration {unknown}
 n - 3 potions of curing
 q - a potion of mutation {unknown}
 z - 2 potions of invisibility {unknown}
 B - 2 potions of lignification {unknown}


   Skills:
 * Level 4.9 Fighting
 * Level 4.4 Maces & Flails
 + Level 4.4 Armour
 + Level 1.5 Dodging
 + Level 4.4 Shields


You had 6 spell levels left.
You didn't know any spells.
Your spell library contained the following spells:

 Spells                   Type           Power      Damage    Failure   Level
 Shock                    Conj/Air       0%         1d3       99%         1
 Ensorcelled Hibernation  Hex/Ice        0%         N/A       100%        2
 Passwall                 Tmut/Erth      0%         N/A       100%        2
 Swiftness                Air            0%         N/A       100%        3
 Airstrike                Air            0%         N/A       100%        4


Dungeon Overview and Level Annotations

Branches:
Dungeon (5/15)
 Temple: D:4-7

Altars:

Annotations:
D:5 Duvessa


Message History

You throw a boomerang. The boomerang closely misses Duvessa.
You barely miss Duvessa. Duvessa barely misses you.
Duvessa hits you with a +0 short sword.
You hit Duvessa.
Duvessa is lightly wounded.
Duvessa closely misses you. You block Duvessa's attack.
You throw a poisoned dart. The poisoned dart hits Duvessa.
Duvessa is poisoned.
Duvessa is lightly wounded.
Duvessa hits you with a +0 short sword.
You hit Duvessa.
Duvessa is lightly wounded.
You hear the slow hiss of a distant avalanche of sand.
You hear the slow rusting of a very distant drain.
Duvessa hits you with a +0 short sword. Duvessa completely misses you.
You barely miss Duvessa.
Duvessa is lightly wounded.
Duvessa hits you but does no damage. Duvessa closely misses you.
You barely miss Duvessa.
Duvessa is lightly wounded.
You block Duvessa's attack. Duvessa hits you but does no damage.
You hit Duvessa but do no damage.
Duvessa is lightly wounded.
Duvessa hits you with a +0 short sword! Duvessa misses you.
It was a potion of flight.
You feel very buoyant.
You fly up into the air.
Duvessa hits you with a +0 short sword.
You barely miss Duvessa.
Duvessa is moderately wounded.
Duvessa looks more healthy.
Duvessa completely misses you. Duvessa hits you with a +0 short sword!
* * * LOW HITPOINT WARNING * * *
You hit Duvessa but do no damage.
Duvessa is moderately wounded.
Duvessa hits you but does no damage. Duvessa barely misses you.
You hit Duvessa but do no damage.
Duvessa is moderately wounded.
Duvessa hits you with a +0 short sword!
* * * LOW HITPOINT WARNING * * *
Duvessa hits you with a +0 short sword.
You die...

#. ###..
....
##.##+##
#......#
#...@..#
#...e..#
#......#
#......#
##'##)##
#.##.#
#<##.#
####.#
#.#


You could see Duvessa (berserk).

Vanquished Creatures
  A steam dragon (D:3)
  A phantom (D:4)
  A necrophage (D:4)
  Dowan (D:5)
  2 orc priests (D:3)
  A gnoll shaman (D:4)
  9 adders
  An ufetubus (D:4)
  3 dart slugs
  11 orcs
  5 ball pythons
  8 endoplasms
  3 giant cockroaches
  9 goblins
  8 hobgoblins
  8 jackals
  4 quokkas
  7 bats
  5 frilled lizards
  6 kobolds
  2 rats
96 creatures vanquished.

Vanquished Creatures (others)
  A demonic plant (D:2)
1 creature vanquished.

Grand Total: 97 creatures vanquished

Notes
Turn   | Place    | Note
-------+----------+-------------------------------------------
     0 | D:1      | Artihs the Human Fighter began the quest for the Orb.
     0 | D:1      | Reached XP level 1. HP: 18/18 MP: 1/1
   104 | D:1      | Reached XP level 2. HP: 20/24 MP: 2/2
   934 | D:2      | Reached XP level 3. HP: 26/29 MP: 3/3
  1025 | D:2      | Found a faded altar of an unknown god.
  1946 | D:2      | Reached XP level 4. HP: 23/35 MP: 4/4
  2168 | D:3      | Noticed a steam dragon
  2615 | D:3      | Reached XP level 5. HP: 41/41 MP: 5/5
  3210 | D:3      | Killed a steam dragon
  3211 | D:3      | Reached XP level 6. HP: 8/48 MP: 6/6
  3978 | D:4      | Reached skill level 1 in Dodging
  3978 | D:4      | Reached XP level 7. HP: 49/53 MP: 7/7
  4546 | D:4      | Identified the +1 chain mail of Hide-and-Seek {Drain *Slow
                  | Regen+ Int+5}
  4774 | D:5      | Entered Level 5 of the Dungeon
  4787 | D:5      | Noticed Dowan
  4808 | D:5      | Killed Dowan
  4810 | D:5      | Noticed Duvessa
  4827 | D:5      | Slain by Duvessa

Illustrated notes

Levels and vault maps discovered:
D:1:      psy_arrival_radial01, layout_basic
D:2:      minmay_chambers_of_twos, layout_basic, shapermc_ecumenical_altar_gd
D:3:      layout_basic
D:4:      minmay_polygon_palace, layout_basic
D:5:      layout_basic, gup_ossuary_entry_pyramid, serial_shops, shop,
          gup_sewer_entry_pipe, uniq_duvessa

Skill      XL: |  1  2  3  4  5  6 |
---------------+-------------------+-----
Maces & Flails | 3 4 |  4.4
Armour         | 4 |  4.4
Shields        | 4 |  4.4
Fighting       | 4 |  4.9
Dodging        | 1 |  1.5

Action                   |  1- 3 |  4- 6 |  7- 9 || total
-------------------------+-------+-------+-------++-------
Melee: Flail             |   141 |    82 |       ||   223
       Unarmed           |       |     6 |       ||     6
       Mace              |       |    42 |   104 ||   146
Throw: Dart              |       |     4 |    26 ||    30
       Boomerang         |       |       |     4 ||     4
  Use: Potion            |       |     2 |     1 ||     3
       Scroll            |       |     3 |       ||     3
 Stab: Confused          |       |     1 |       ||     1
Armor: Scale mail        |    18 |       |       ||    18
       Chain mail        |    77 |    80 |    36 ||   193
Dodge: Dodged            |    68 |    95 |    38 ||   201
Block: Buckler           |    42 |    36 |    29 ||   107

Table legend: (Time is in decaauts)
 A = Elapsed time spent in this place.
 B = Non-inter-level travel time spent in this place.
 C = Inter-level travel time spent in this place.
 D = Time resting spent in this place.
 E = Time spent auto-exploring this place.
 F = Levels seen in this place.
 G = Mean time per level.
                   A        B        C        D        E       F      G
               +--------+--------+--------+--------+--------+-----+--------+
         Total |   4929 |   4445 |    484 |    594 |   2980 |   5 |  985.8 |
       Dungeon |   4929 |   4445 |    484 |    594 |   2980 |   5 |  985.8 |
               +--------+--------+--------+--------+--------+-----+--------+

Top non-repeatable levels by time:
     D:3: 1578 daAuts
     D:2: 1346 daAuts
     D:4: 1104 daAuts
     D:1: 842 daAuts
     D:5: 58 daAuts
